 Dungeon Crawl Stone Soup version 0.22.0 (webtiles) character file.

48 inmateoo the Skirmisher (level 3, 0/30 HPs)
             Began as a Barachi Enchanter on Aug 11, 2018.
             Succumbed to an adder's poison
             ... on level 4 of the Dungeon.
             The game lasted 00:02:19 (1256 turns).

inmateoo the Skirmisher (Barachi Enchanter)         Turns: 1256, Time: 00:02:20

Health: 0/30       AC:  6    Str:  9 (10) XL:     3   Next: 72%
Magic:  15/15      EV: 10    Int: 12 (15) God:
Gold:   51         SH:  0    Dex: 11 (12) Spells: 3/6 levels left

rFire    . . .     SeeInvis .   b - +0 spear
rCold    . . .     Gourm    .   (no shield)
rNeg     + . .     Faith    .   n - +0 ring mail
rPois    .         Spirit   .   (no helmet)
rElec    .         Reflect  .   h - +0 cloak
rCorr    .         Harm     .   (no gloves)
MR       .....                  (no boots)
Stlth    +.........             (no amulet)
HPRegen  0.10/turn              j - ring of positive energy
MPRegen  0.14/turn              l - ring of magical power

@: lethally poisoned (0 -> -15), hasted, quick
A: +LOS, swims, slowness 1, strong legs 1
a: Hop


You were on level 4 of the Dungeon.
You were hungry.

You visited 1 branch of the dungeon, and saw 4 of its levels.

You collected 51 gold pieces.

Inventory:

Hand Weapons
 a - a +0 trident
 b - a +0 spear (weapon)
Missiles
 e - a javelin (quivered)
Armour
 h - a +0 cloak (worn)
 n - a +0 ring mail (worn)
Jewellery
 j - a ring of positive energy (left hand)
 l - a ring of magical power (right hand)
Scrolls
 i - a scroll of remove curse
Potions
 f - a potion of degeneration
Comestibles
 d - 5 rations
 g - 3 chunks of flesh


   Skills:
 + Level 3.9 Fighting
   Level 1.1 Short Blades
 - Level 2.1 Dodging
 - Level 2.6 Stealth
 - Level 2.1 Spellcasting
 - Level 3.2 Hexes


You had 3 spell levels left.
You knew the following spells:

 Your Spells              Type           Power        Failure   Level  Hunger
a - Corona                Hex            #......      19%         1    ##.....
b - Ensorcelled Hibernat  Hex/Ice        #.....       50%         2    ###....

Your spell library contained the following spells:

 Spells                   Type           Power        Failure   Level  Hunger
 Confuse                  Hex            #.......     50%         3    ####...
 Tukima's Dance           Hex            #.......     50%         3    ####...
 Dazzling Spray           Conj/Hex       #.....       75%         3    ####...


Dungeon Overview and Level Annotations

Branches:
Dungeon (4/15)
 Temple: D:4-7

Altars:


Innate Abilities, Weirdness & Mutations

Shadows flee at your approach. (+LOS)
You can swim through water.
You cover ground slowly.
You can hop short distances.


Message History

Unknown command.
Throwing (i - inventory)
e - 2 javelins (quivered)
Press: ? - help, Shift-Dir - straight line, f/p - adder
Aim: an adder (moderately wounded)
You throw a javelin. The javelin closely misses the adder.
* * * LOW HITPOINT WARNING * * *
You feel sick. The adder bites you.
* * * LOW HITPOINT WARNING * * *
You are more poisoned.
The adder poisons you! The adder bites you but does no damage.
It was a potion of degeneration.
There was something very wrong with that liquid.
You feel weakened.
You feel dopey.
You feel clumsy.
* * * LOW HITPOINT WARNING * * *
You feel sick. The adder bites you but does no damage. The adder bites you.
* * * LOW HITPOINT WARNING * * *
You are more poisoned.
The adder poisons you!
It was a potion of haste.
You feel yourself speed up.
You die...

###### ##.########.)((#
............##S#
.#..........##@################
#..######...#................#
# #...################.# ......
#.# .<....... #.# .......###
#.# ###...### #.# #..(# #.#
##### #.#


You could see an adder.

Vanquished Creatures
  An orc priest (D:4)
  3 orcs (D:4)
  A giant cockroach (D:2)
  A goblin (D:1)
  6 hobgoblins
  A bat (D:1)
  2 rats
15 creatures vanquished.

Notes
Turn   | Place    | Note
-------+----------+-------------------------------------------
     0 | D:1      | inmateoo the Barachi Enchanter began the quest for the Orb.
     0 | D:1      | Reached XP level 1. HP: 13/13 MP: 3/3
   279 | D:1      | Reached skill level 1 in Fighting
   602 | D:2      | Reached XP level 2. HP: 22/22 MP: 5/5
   606 | D:2      | Learned a level 2 spell: Ensorcelled Hibernation
   744 | D:2      | You fall through a shaft for 2 floors!
  1101 | D:4      | Reached XP level 3. HP: 8/30 MP: 6/6
  1255 | D:4      | HP: 1/30 [adder (2)]
  1256 | D:4      | Succumbed to an adder's poison

Skill      XL: |  1  2 |
---------------+-------+-----
Fighting       | 2 3 |  3.9
Short Blades   | |  1.1
Dodging        | |  2.1
Stealth        | |  2.6
Spellcasting   | |  2.1
Hexes          | |  3.2

Action                   || total
-------------------------++-------
Melee: Dagger            ||    37
       Spear             ||    42
Throw: Javelin           ||    11
 Cast: Corona            ||     2
       Ensorcelled Hiber ||     1
 Abil: Hop               ||     1
  Use: Scroll            ||     4
       Potion            ||     3
 Stab: Sleeping          ||     5
  Eat: Chunk             ||     1
Armor: Robe              ||     6
       Ring mail         ||    24
Dodge: Dodged            ||    41
